Map: Eternal Empire LE

Players

Astrea - Winner!

  • Race: Protoss Protoss
  • Spawn Location: 7:00

JonSnow

  • Race: Zerg Zerg
  • League: Master
  • Spawn Location: 1:00

Event: DreamHack SC2 Masters 2020 Summer North America

VOD

Have the link to the VOD?

Description

Time

  • Played on: June 30, 2020, 5:45 p.m.
  • Length: 15:49

All games in this series

Show
View Real Time Build Order
Export as new Build Order

Astrea Protoss - Winner!

Build Orders:  

Get SALT Encoding   

  12  0:00  Probe  
  13  0:13  Probe  
  14  0:16  Pylon  
  14  0:23  Probe  
  15  0:31  Probe  
  16  0:38  Forge  
  16  0:39  Probe  
  17  1:01  Pylon  
  17  1:06  Pylon x2  
  17  1:19  Photon Cannon  
  17  1:23  Gateway  
  17  1:25  Pylon  
  17  1:27  Pylon  
  17  1:29  Pylon  
  17  1:32  Probe  
  18  1:44  Probe  
  19  1:48  Pylon  
  19  1:55  Assimilator  
  19  2:01  Gateway  
  20  2:13  Cybernetics Core  
  19  2:19  Photon Cannon  
  19  2:28  Photon Cannon  
  19  2:38  Photon Cannon  
  19  2:44  Photon Cannon, Stalker  
  21  3:00  Photon Cannon  
  21  3:06  Stalker  
  23  3:22  Probe  
  23  3:34  Probe  
  24  3:44  Pylon  
  24  3:48  Probe  
  24  3:53  Pylon  
  24  3:57  Nexus  
  24  4:00  Pylon  
  24  4:06  Probe  
  24  4:09  Warp Gate  
  25  4:16  Pylon  
  25  4:19  Probe  
  26  4:27  Gateway  
  26  4:31  Probe  
  27  4:40  Gateway  
  27  4:45  Probe  
  28  4:49  Assimilator  
  28  4:56  Probe  
  29  5:01  Stargate  
  29  5:04  Probe  
  29  5:12  Probe x2  
  34  5:24  Probe x2  
  36  5:29  Adept x2  
  38  5:36  Phoenix, Probe x2  
  40  5:48  Probe  
  40  5:49  Probe  
  44  5:51  Pylon  
  43  6:00  Phoenix, Probe  
  43  6:01  Probe  
  47  6:12  Probe  
  47  6:13  Probe  
  47  6:17  Phoenix  
  49  6:24  Pylon, Probe  
  49  6:25  Probe  
  51  6:31  Sentry x2  
  57  6:36  Probe  
  57  6:37  Probe  
  59  6:41  Phoenix  
  59  6:43  Pylon  
  59  6:48  Probe  
  59  6:49  Gateway  
  62  6:55  Probe  
  62  6:56  Pylon  
  62  7:00  Probe  
  64  7:07  Probe  
  64  7:08  Phoenix  
  64  7:15  Nexus  
  66  7:17  Zealot  
  66  7:20  Probe  
  66  7:21  Assimilator  
  66  7:22  Probe  
  70  7:24  Assimilator  
  70  7:33  Robotics Facility, Probe x2  
  70  7:41  Probe x2  
  72  7:44  Forge  
  72  7:50  Pylon  
  74  7:51  Sentry, Probe  
  74  7:54  Shield Battery  
  74  7:57  Pylon, Probe  
  78  8:03  Probe  
  79  8:08  Protoss Ground Weapons Level 1  
  79  8:09  Probe  
  80  8:15  Probe  
  81  8:20  Gateway  
  81  8:21  Gateway, Probe  
  81  8:24  Robotics Bay  
  81  8:25  Observer, Probe  
  83  8:28  Probe  
  83  8:29  Twilight Council, Probe  
  83  8:33  Probe  
  86  8:36  Assimilator, Probe  
  86  8:37  Probe  
  86  8:38  Assimilator  
  88  8:42  Probe  
  88  8:47  Immortal  
  88  8:48  Probe  
  91  8:52  Pylon  
  95  8:59  Stalker x3  
  101  9:08  Photon Cannon  
  101  9:11  Pylon  
  101  9:16  Colossus  
  101  9:18  Stalker, Shield Battery  
  101  9:20  Shield Battery  
  101  9:24  Blink  
  109  9:38  Pylon  
  109  9:41  Extended Thermal Lance  
  109  9:44  Nexus  
  109  9:50  Probe x2  
  111  9:53  Pylon  
  111  9:58  Colossus  
  111  10:04  Probe  
  111  10:05  Probe  
  111  10:08  Probe  
  111  10:11  Sentry, Stalker x3  
  126  10:16  Probe  
  126  10:17  Probe  
  126  10:19  Photon Cannon  
  126  10:20  Probe  
  126  10:21  Shield Battery  
  129  10:28  Probe  
  129  10:29  Probe  
  129  10:33  Photon Cannon  
  129  10:34  Shield Battery  
  131  10:35  Pylon  
  131  10:41  Stalker x3  
  131  10:42  Stalker  
  139  10:47  Stalker  
  139  10:58  Colossus  
  139  11:03  Stalker  
  145  11:09  Sentry x2  
  145  11:10  Sentry x2  
  136  11:33  Stalker x2  
  136  11:34  Nexus  
  136  11:38  Charge, Pylon x2  
  139  11:40  Pylon x2  
  139  11:43  Pylon  
  130  11:49  Stalker x3  
  130  11:53  Disruptor  
  130  12:04  Sentry x2  
  134  12:12  Gateway  
  134  12:13  Gateway  
  134  12:16  Nexus  
  134  12:18  Disruptor  
  134  12:25  Stalker x3  
  142  12:44  Stalker x2  
  143  13:01  Stalker x3  
  144  13:05  Warp Prism  
  131  13:15  Stalker x4  
  131  13:18  Probe x3  
  143  13:30  Sentry x3, Probe  
  150  13:36  Probe x2  
  150  13:40  Observer  
  152  13:42  Probe  
  152  13:44  Pylon  
  154  13:48  Probe  
  154  13:51  Disruptor  
  154  13:54  Stalker  
  154  13:55  Stalker x2  
  159  13:56  Stalker x4  
  172  14:07  Pylon  
  172  14:08  Nexus  
  172  14:24  Pylon  
  172  14:25  Pylon  
  172  14:27  Pylon  
  172  14:28  Pylon  
  148  14:39  Stalker x5  
  148  14:40  Stalker x2  
  142  14:54  Disruptor  
  139  15:05  Stalker x7  
  153  15:13  Probe  
  130  15:23  Probe x3  
  130  15:25  Probe  
  134  15:29  Sentry x7  
  134  15:35  Probe  
Show
View Real Time Build Order
Export as new Build Order

JonSnow Zerg 

Build Orders: Hatch First, Roach Hydra 

Get SALT Encoding   

  12  0:01  Drone  
  13  0:12  Overlord  
  13  0:17  Drone  
  14  0:30  Drone x2  
  16  0:49  Hatchery  
  15  0:52  Drone  
  15  0:56  Drone  
  17  1:00  Drone  
  18  1:23  Spawning Pool  
  17  1:35  Drone  
  18  2:12  Queen, Spine Crawler x2  
  18  2:13  Queen  
  20  2:16  Zergling x2  
  20  2:19  Zergling x2  
  20  2:22  Zergling x2  
  23  2:25  Zergling x2  
  23  2:29  Zergling x2  
  25  2:32  Zergling x2  
  26  2:39  Zergling x4  
  26  2:42  Zergling x2  
  28  2:50  Zergling x2  
  26  3:08  Zergling x4  
  24  3:18  Queen  
  24  3:19  Queen  
  27  3:20  Drone  
  27  3:25  Zergling x2  
  27  3:33  Drone  
  27  3:37  Extractor  
  26  3:47  Drone x2  
  27  3:51  Overlord  
  27  4:10  Drone x3  
  27  4:12  Drone  
  27  4:15  Drone  
  32  4:18  Hatchery  
  32  4:21  Drone  
  32  4:25  Drone  
  32  4:28  Drone  
  32  4:29  Drone  
  35  4:36  Overlord  
  35  4:48  Metabolic Boost  
  35  4:50  Overlord  
  35  5:00  Drone x6  
  35  5:05  Drone  
  35  5:06  Drone  
  43  5:08  Drone  
  43  5:11  Overlord  
  44  5:17  Drone x2  
  44  5:18  Drone  
  47  5:25  Lair  
  47  5:31  Extractor x2  
  47  5:35  Roach Warren, Drone  
  45  5:39  Spore Crawler  
  45  5:41  Zergling x4  
  46  5:46  Zergling x6  
  49  5:53  Drone x4  
  53  5:59  Drone x4  
  53  6:04  Overlord  
  57  6:11  Overlord  
  57  6:13  Drone  
  57  6:14  Drone x2  
  57  6:16  Overlord  
  59  6:20  Drone  
  59  6:21  Drone  
  59  6:23  Overlord  
  61  6:27  Glial Reconstitution  
  61  6:28  Overseer  
  61  6:38  Hydralisk Den, Drone x5  
  64  6:40  Drone  
  65  6:47  Spore Crawler  
  65  6:48  Spore Crawler  
  65  6:50  Drone x4  
  65  6:51  Drone  
  68  6:55  Evolution Chamber, Drone  
  68  7:00  Roach x2  
  72  7:03  Roach x2  
  72  7:07  Drone x3  
  77  7:09  Extractor  
  77  7:10  Muscular Augments  
  77  7:14  Overlord  
  76  7:18  Hydralisk x2  
  80  7:23  Hydralisk x2  
  80  7:24  Hydralisk  
  80  7:27  Drone x2  
  86  7:31  Zerg Missile Weapons Level 1  
  86  7:34  Overlord  
  86  7:38  Drone x2  
  86  7:39  Drone, Extractor  
  86  7:40  Drone  
  89  7:49  Drone x2, Extractor  
  90  7:57  Hatchery  
  89  7:59  Overlord x3  
  89  8:01  Hydralisk  
  89  8:02  Hydralisk x2  
  95  8:11  Drone  
  96  8:14  Overlord x2  
  96  8:16  Drone x2  
  96  8:17  Drone  
  96  8:18  Drone x4  
  103  8:26  Queen  
  103  8:27  Hydralisk x2  
  108  8:40  Hydralisk x6  
  118  8:46  Hydralisk x2  
  117  8:49  Grooved Spines  
  117  8:51  Overlord  
  117  8:52  Drone  
  118  8:57  Overlord  
  118  8:58  Drone x2, Overlord  
  119  9:04  Hydralisk x2  
  119  9:05  Unknown  
  119  9:07  Overlord  
  120  9:18  Drone x4  
  120  9:19  Drone x5  
  129  9:27  Zerg Missile Weapons Level 2, Overlord  
  129  9:28  Hydralisk  
  129  9:29  Hydralisk  
  133  9:34  Roach x3  
  133  9:36  Roach x2  
  141  9:42  Roach x3  
  146  9:47  Roach x2  
  146  9:48  Spore Crawler  
  146  9:52  Roach x3  
  155  9:57  Roach  
  155  9:58  Roach x2  
  158  10:01  Drone x3  
  160  10:07  Ravager x3  
  160  10:08  Ravager x7  
  170  10:15  Roach  
  170  10:16  Roach x4  
  180  10:21  Ravager  
  180  10:22  Ravager  
  180  10:24  Overseer, Overlord  
  180  10:25  Overseer  
  180  10:27  Drone x2  
  183  10:32  Overlord x2  
  179  10:45  Roach x6  
  191  10:51  Roach x4  
  196  11:02  Roach x4  
  196  11:03  Roach  
  189  11:15  Roach x9  
  190  11:25  Roach  
  190  11:26  Overlord x2  
  190  11:33  Spire  
  190  11:34  Infestation Pit  
  188  11:43  Roach x5, Zerg Ground Armor Level 1  
  179  11:47  Roach x8  
  179  11:51  Roach x2  
  182  11:58  Roach x4  
  185  12:07  Ravager  
  186  12:09  Zergling x18  
  186  12:14  Hive  
  192  12:21  Overseer  
  186  12:39  Drone  
  186  12:40  Drone x2  
  184  12:50  Hatchery  
  162  12:54  Roach x15  
  172  13:06  Roach x7  
  156  13:22  Infestor x3  
  158  13:27  Greater Spire  
  158  13:28  Drone x2  
  158  13:30  Drone x2  
  158  13:31  Drone x2  
  158  13:32  Drone  
  166  13:41  Ravager  
  166  13:46  Overseer  
  166  13:50  Hydralisk x5  
  175  14:02  Corruptor x6  
  187  14:08  Ravager x4  
  187  14:09  Ravager  
  193  14:10  Hydralisk x2, Ravager  
  193  14:21  Roach x5  
  200  14:28  Overlord, Zergling x2  
  196  14:34  Roach  
  196  14:35  Roach x5  
  196  14:37  Roach  
  163  14:41  Roach x3  
  133  14:48  Roach x4  
  133  14:51  Ravager x2  
  135  14:56  Ravager x3  
  135  14:57  Ravager  
  139  15:02  Roach x3  
  145  15:10  Roach x3  
  145  15:11  Roach  
  135  15:15  Roach x2  
  135  15:20  Roach x2  
  112  15:23  Ravager x2  
  110  15:29  Ravager  
  110  15:30  Roach x2  
Tags
 
Add a new tag
Caveats
  • Supply blocks, unpowered buildings, or Contaminate may cause inaccurate times.
  • Supply counts are checked every 10 seconds.